 Dungeon Crawl Stone Soup version 0.29.1-1-gd02db6906a (webtiles) character file.

Game seed: 11398043619939184747

1743 LabCoat the Chopper (level 9, 0/76 (79) HPs)
             Began as a Hill Orc Fighter on Oct 17, 2022.
             Was an Initiate of Trog.
             Slain by a wight
             ... wielding a +2 morningstar
              (9 damage)
             ... on level 7 of the Dungeon.
             The game lasted 00:19:04 (6630 turns).

LabCoat the Chopper (Hill Orc Fighter)              Turns: 6630, Time: 00:19:04

HP:   0/76 (79)     AC: 15    Str: 23    XL:     9   Next: 6%
MP:   9/9           EV:  7    Int: 14    God:    Trog [......]
Gold: 170           SH:  5    Dex: 10    Spells: 8/8 levels left

rFire   . . .      SeeInvis .   B - +0 broad axe (elec)
rCold   . . .      Faith    .   c - +0 buckler
rNeg    . . .      Spirit   .   e - +0 plate armour
rPois   .          Reflect  .   t - +0 helmet
rElec   .          Harm     .   (no cloak)
rCorr   .          Rampage  .   (no gloves)
Will    .....                   m - +1 pair of boots {Stlth+}
Stlth   ..........              (no amulet)
HPRegen 0.22/turn               o - +6 ring of intelligence
MPRegen 0.11/turn               (no ring)

@: lightly drained
A: no striking features
a: Renounce Religion


You were on level 7 of the Dungeon.
You worshipped Trog.
Trog was noncommittal.
You visited 2 branches of the dungeon, and saw 8 of its levels.

You collected 326 gold pieces.
You spent 156 gold pieces at shops.

Inventory:

Hand Weapons
 a - a +1 war axe
 g - the +0 mace "Qimar" {vamp, rF- rC- rN+++ rCorr}
   (You took it off a gnoll on level 7 of the Dungeon)

   It occasionally heals its wielder for a portion of the damage dealt when it
   wounds a living foe.
   rF:        It makes you vulnerable to fire.
   rC:        It makes you vulnerable to cold.
   rN:        It renders you almost immune to negative energy.
   rCorr:     It protects you from acid and corrosion.
 B - a +0 broad axe of electrocution (weapon)
Missiles
 k - 6 boomerangs (quivered)
 p - 2 poisoned darts
Armour
 c - a +0 buckler (worn)
 e - a +0 plate armour (worn)
 m - a +1 pair of boots of stealth (worn)
 t - a +0 helmet (worn)
Jewellery
 o - a +6 ring of intelligence (left hand)
Scrolls
 b - a scroll of fear
 j - a scroll of immolation
 v - a scroll of poison {unknown}
 w - a scroll of enchant weapon
 x - a scroll of identify
 y - a scroll of amnesia
Potions
 f - 4 potions of curing
 h - 2 potions of lignification
 l - a potion of mutation
 n - 2 potions of flight
 q - 2 potions of cancellation
 r - a potion of ambrosia {unknown}
 s - a potion of attraction {unknown}
 u - a potion of berserk rage {unknown}
 z - a potion of magic {unknown}
 A - a potion of resistance {unknown}


   Skills:
 * Level 7.3 Fighting
 * Level 7.5 Axes
 + Level 3.2 Throwing
 + Level 5.3 Armour
 + Level 2.7 Dodging
 + Level 5.2 Shields
 + Level 3.4 Evocations


You had 8 spell levels left.
You didn't know any spells.
Your spell library contained the following spells:

 Spells                   Type           Power      Damage    Failure   Level
 Beastly Appendage        Tmut           0%         N/A       100%        1
 Sting                    Tmut/Pois      0%         1d3       100%        1
 Poisonous Vapours        Pois/Air       0%         N/A       100%        2
 Wereblood                Tmut           0%         N/A       100%        2
 Spider Form              Tmut/Pois      0%         N/A       100%        3
 Corpse Rot               Necr/Pois/Air  0%         N/A       100%        4
 Olgreb's Toxic Radiance  Pois           0%         N/A       100%        4


Dungeon Overview and Level Annotations

Branches:
Dungeon (7/15)             Temple (1/1) D:6

Altars:
Elyvilon
Fedhas
Hepliaklqana
Makhleb
Okawaru
Sif Muna
Trog
Wu Jian
Zin

Shops:
D:6 (

Annotations:
D:3 2 transporters


Message History

The wight hits you from afar with a +3 trident.
* * * LOW HITPOINT WARNING * * *
The wight hits you with a +4 dagger.
* * * LOW HITPOINT WARNING * * *
You see here a +0 club.
You can't see any enemies this would affect, really read the scroll of fear?
Okay, then.
You feel the dreadful sensation subside.
You hear the crackle of electricity.
B - a +0 broad axe of electrocution (weapon)
You slash the wight!
The wight is heavily damaged.
You block the wight's attack.
Items here: ))) [[[.
You slash the wight!
You destroy the wight!
Trog accepts your kill.
The wight hits you from afar with a +3 trident.
* * * LOW HITPOINT WARNING * * *
You feel drained. The wight barely misses you.
Your life force feels restored.
You block the wight's attack.
You barely miss the wight. The wight hits you but does no damage.
The wight hits you from afar with a +0 spear.
* * * LOW HITPOINT WARNING * * *
You feel drained.
The wight hits you with a +2 morningstar.
* * * LOW HITPOINT WARNING * * *
You block the wight's attack.
The wight hits you from afar with a +0 spear.
* * * LOW HITPOINT WARNING * * *
You feel drained.
You closely miss the wight. x2; The wight hits you but does no damage. x2
The wight barely misses you.
Unknown command.
You barely miss the wight.
The orc shouts!
You hit the wight but do no damage. The wight hits you but does no damage.
The wight hits you with a +2 morningstar!
You die...

#.##.....## ##### ###........
###.######## #...# #....Y.....
.......# ##...# #......(g..
.......# #...z#####......<÷z.
.......# ##.zz..##)......###g.
.......# #..###[).)...........
.......######.####))........##.).
..............z##...##.....g.....
.......###.....z@...#.........###
...............z..#.#.........#
.................#.........g....#
...##########≈.......#.....#..#..
...# ....≈####...#....#.## ...#
.≈.≈......#.#..... . .#.#
.....≈..####.#.##... .#
##.##########≈...####..$# ..
##...................#..# ..


You could see 3 wights.

Vanquished Creatures
  2 wyverns
  Edmund (D:4)
  3 water moccasins
  An orc warrior (D:6)
  A gnoll sergeant (D:7)
  2 scorpions
  A wight (D:7)
  2 howler monkeys
  A jelly (D:5)
  3 hounds
  2 orc priests (D:6)
  A gnoll bouda (D:7)
  Natasha (twice) (D:3)
  2 iguanas (D:5)
  7 gnolls
  13 adders
  2 shadow imps (D:5)
  2 white imps (D:5)
  3 ufetubi (D:5)
  A worm (D:2)
  2 dart slugs
  12 orcs
  8 endoplasms
  4 giant cockroaches
  14 hobgoblins
  2 quokkas (D:3)
  4 ball pythons
  7 bats
  5 frilled lizards
  10 goblins
  9 kobolds
  14 rats
143 creatures vanquished.

Vanquished Creatures (others)
  10 fungi (D:7)
  6 plants (D:3)
16 creatures vanquished.

Grand Total: 159 creatures vanquished

Notes
Turn   | Place    | Note
-------+----------+-------------------------------------------
     0 | D:1      | LabCoat the Hill Orc Fighter began the quest for the Orb.
     0 | D:1      | Reached XP level 1. HP: 19/19 MP: 1/1
   161 | D:1      | Reached XP level 2. HP: 27/27 MP: 2/2
   700 | D:1      | Reached XP level 3. HP: 33/33 MP: 3/3
   932 | D:2      | Found a faded altar of an unknown god.
  1262 | D:2      | Reached XP level 4. HP: 41/41 MP: 4/4
  1619 | D:2      | Reached skill level 1 in Throwing
  1632 | D:2      | Reached skill level 1 in Evocations
  1915 | D:2      | Reached XP level 5. HP: 47/47 MP: 5/5
  2382 | D:3      | Reached skill level 1 in Dodging
  2494 | D:3      | Found a transporter.
  2495 | D:3      | Found a transporter.
  2760 | D:3      | Found an ornate altar of the Wu Jian Council.
  2956 | D:3      | Noticed Natasha
  2963 | D:3      | Killed Natasha
  3161 | D:3      | Noticed Natasha
  3178 | D:3      | Killed Natasha
  3350 | D:4      | Reached skill level 5 in Fighting
  3350 | D:4      | Reached XP level 6. HP: 32/56 MP: 6/6
  3555 | D:4      | Noticed Edmund
  3567 | D:4      | Killed Edmund
  3568 | D:4      | Reached skill level 5 in Axes
  4362 | D:5      | Entered Level 5 of the Dungeon
  4371 | D:5      | Noticed a water moccasin
  4384 | D:5      | Killed a water moccasin
  4385 | D:5      | Reached XP level 7. HP: 56/61 MP: 7/7
  5048 | D:5      | Found a burning altar of Makhleb.
  5252 | D:6      | Reached XP level 8. HP: 68/70 MP: 8/8
  5337 | D:6      | Noticed a wyvern
  5340 | D:6      | Killed a wyvern
  5364 | D:6      | Found Wyfiymam's Weapon Shoppe.
  5388 | D:6      | Bought a +0 broad axe of electrocution for 156 gold pieces
  5535 | D:6      | Found a staircase to the Ecumenical Temple.
  5543 | Temple   | Entered the Ecumenical Temple
  5554 | Temple   | Became a worshipper of Trog the Wrathful
  5795 | D:7      | Reached skill level 5 in Armour
  5795 | D:7      | Identified the +0 mace "Qimar" {vamp, rF- rC- rN+++ rCorr}
  6002 | D:7      | Reached skill level 5 in Shields
  6222 | D:7      | Noticed a wyvern
  6233 | D:7      | Killed a wyvern
  6234 | D:7      | Reached XP level 9. HP: 37/79 MP: 9/9
  6630 | D:7      | Slain by a wight

Illustrated notes

Levels and vault maps discovered:
D:1:      ncdulo_smallfort, layout_loops_ring, minmay_vboxes
D:2:      minmay_razor_zed, layout_basic, ebering_ecumenical_altar_mist
D:3:      layout_basic, nzn_wu_jian_council_hall, gammafunk_ghost_gnarly_gnolls,
          uniq_natasha
D:4:      layout_basic, nicolae_concentric_dashed_squares_mild, uniq_edmund
D:5:      layout_rooms, bloody_makhleb, serial_demonic, serial_demonic_a,
          serial_demonic_d, serial_demonic_d, serial_demonic_e, nrook_uturn
D:6:      layout_rooms, minmay_temple_entry_waves, serial_shops, shop,
          minmay_statues_item
D:7:      layout_rooms, nicolae_ru_path_of_blood, dreamdust_mushroom_princess
Temple:   nicolae_temple_great_sept

Skill      XL: |  1  2  3  4  5  6  7  8 |
---------------+-------------------------+-----
Axes           | 3 4 5 6 7 |  7.5
Fighting       | 4 5 6 7 |  7.3
Throwing       | 1 2 3 |  3.2
Evocations     | 1 2 3 |  3.4
Dodging        | 1 2 |  2.7
Armour         | 4 5 |  5.3
Shields        | 4 5 |  5.2

Action                   |  1- 3 |  4- 6 |  7- 9 || total
-------------------------+-------+-------+-------++-------
Melee: War axe           |   109 |   168 |   143 ||   420
       Broad axe         |       |       |     5 ||     5
       Mace              |       |       |     1 ||     1
Throw: Boomerang         |       |    15 |    14 ||    29
       Dart              |       |     4 |       ||     4
  Use: Scroll            |     8 |     7 |     2 ||    17
       Potion            |       |     1 |     7 ||     8
 Stab: Invisible         |       |       |     2 ||     2
Armor: Scale mail        |    13 |       |       ||    13
       Plate armour      |    43 |    98 |   133 ||   274
Dodge: Dodged            |    44 |    48 |    66 ||   158
Block: Buckler           |    22 |    42 |    49 ||   113
